 Dungeon Crawl Stone Soup version 0.30.1-11-g7821555f0a (webtiles) character file.

Game seed: 11762821769410951193

70 Ijustatesigmund the Conjurer (level 4, -1/29 HPs)
             Began as an Octopode Conjurer on Jan 12, 2024.
             Slain by Grinder (10 damage)
             ... on level 3 of the Dungeon.
             The game lasted 00:03:34 (2326 turns).

Ijustatesigmund the Conjurer (Octopode Conjurer)    Turns: 2326, Time: 00:03:35

Health: -1/29      AC:  1    Str:  6    XL:     4   Next: 22%
Magic:  7/8        EV: 13    Int: 22    God:
Gold:   101        SH:  0    Dex: 10    Spells: 1/8 levels left

rFire   . . .        g - +2 whip (venom)
rCold   . . .        (no shield)
rNeg    . . .        (helmet restricted)
rPois   .            (no amulet)
rElec   .            m - ring of see invisible
rCorr   .            (no ring)
SInv    +            (no ring)
Will    .....        (no ring)
Stlth   +++          (no ring)
HPRegen 0.24/turn    (no ring)
MPRegen 0.11/turn    (no ring)
                     (no ring)

%: no passive effects
@: mighty, attractive
A: almost no armour, amphibious, 8 rings, camouflage 1, gelatinous body 1,
(nimble swimmer 1), tentacles
a: no special abilities


You were on level 3 of the Dungeon.
You visited 1 branch of the dungeon, and saw 3 of its levels.

You collected 101 gold pieces.

Inventory:

Hand Weapons
 g - a +2 whip of venom (weapon)
Jewellery
 m - a ring of see invisible (left tentacle)
Scrolls
 b - a scroll of poison
 c - a scroll of fear {unknown}
 d - a scroll of noise {unknown}
 e - a scroll of teleportation {unknown}
 f - a scroll of brand weapon {unknown}
 i - a scroll of summoning {unknown}
Potions
 a - a potion of magic
 j - a potion of attraction
 k - a potion of curing
 n - a potion of berserk rage {unknown}


   Skills:
 + Level 1.9 Fighting
 - Level 2.0 Dodging
 - Level 2.6 Stealth
 + Level 2.7 Spellcasting
 + Level 4.6 Conjurations


You had one spell level left.
You knew the following spells:

 Your Spells              Type           Power      Damage    Failure   Level
a - Magic Dart            Conj           92%        1d7       1%          1
b - Searing Ray           Conj           46%        2d6       2%          2
c - Iskenderun's Mystic   Conj/Tloc      13%        2d5       43%         4

Your spell library contained the following spells:

 Spells                   Type           Power      Damage    Failure   Level
 Dazzling Flash           Conj/Hex       26%        N/A       14%         3
 Vhi's Electric Charge    Tloc/Air       6%         N/A       36%         3
 Fulminant Prism          Conj/Hex       6%         3d7       43%         4
 Arcjolt                  Conj/Air       6%         1d16      80%         5
 Plasma Beam              Fire/Air       1%         2x1d12    100%        6
 Maxwell's Capacitive Co  Air            1%         ∞         100%        8


Dungeon Overview and Level Annotations

Branches:
Dungeon (3/15)

Altars:

Shops:
D:2 [

Annotations:
D:3 Grinder


Innate Abilities, Weirdness & Mutations

You cannot wear most types of armour.
You are amphibious.
You can wear up to eight rings at the same time.
Your skin changes colour to match your surroundings (Stealth+).
Your rubbery body absorbs attacks. (AC +1, EV +1)
((You are camouflaged when in or above water. (Stealth+)))
You have tentacles for arms and can constrict up to eight enemies at once.


Message History

k - a potion of curing
As you read the scroll of identify, it crumbles to dust.
l - a potion of might A scorpion comes into view.
Casting: Magic Dart (safe; 1% risk of failure)
Confirm with . or Enter, or press ? or * to list all spells.
Aiming: Magic Dart (safe; 1% risk of failure)
Press: ? - help, Shift-Dir - straight line, f - scorpion
Aim: a scorpion (wandering, hasn't noticed you, 100% to hit)
The magic dart hits the scorpion but does no damage.
You see here 11 gold pieces.
Grinder comes into view.
Grinder shouts!
Grinder grins, showing sharp teeth.
Found 9 gold pieces.
The air fills with toxic fumes!
As you read the scroll labelled POYNAT TEAZA, it crumbles to dust.
It was a scroll of poison.
You feel very mighty all of a sudden. Grinder gestures at you.
Pain shoots through your body!
Unknown command.
Really quaff the potion of attraction?
You feel attractive to monsters. Grinder is attracted toward you.
The scorpion is attracted toward you.
You closely miss Grinder. Your grab misses Grinder.
The scorpion is engulfed in poison gas.
The scorpion is poisoned.
The scorpion stings you. Grinder barely misses you.
Unknown command.
You barely miss Grinder. Your grab misses Grinder. Your squeeze misses Grinder.
The scorpion is engulfed in poison gas.
The scorpion looks even sicker.
The scorpion stings you but does no damage.
Grinder gestures at you.
You barely resist.
Unknown command.
You hit Grinder.
Grinder is poisoned.
You grab Grinder. You squeeze Grinder!
Grinder is moderately wounded.
You constrict Grinder.
The scorpion is engulfed in poison gas.
The scorpion looks even sicker.
The scorpion stings you. Grinder hits you!
You die...

§§§§§§§ ☼§☼§§§§
§§.§§§§ ☼☼☼§§§§
§§☼☼§§☼ §§§§§☼§
§§§☼§☼5## #§☼@# ....
#☼#s##### ...$ .
#.§§§...## ...#
.....#§☼☼##..### <..#
.....§§§.§.#...#....#
....§#§#§#☼.)#.#.[..#
....§§§.§###.#......##
...§.§☼.§☼............
.###..##.....<......#.


You could see Grinder (very poisoned) and a scorpion (very poisoned).

Vanquished Creatures
  4 adders (D:2)
  3 ball pythons
  5 endoplasms
  6 goblins
  A hobgoblin (D:2)
  4 kobolds
  2 quokkas (D:2)
  3 bats
  2 frilled lizards
  6 rats
36 creatures vanquished.

Notes
Turn   | Place    | Note
-------+----------+-------------------------------------------
     0 | D:1      | Ijustatesigmund the Octopode Conjurer began the quest for
                  | the Orb.
     0 | D:1      | Reached XP level 1. HP: 11/11 MP: 3/3
   386 | D:1      | Reached XP level 2. HP: 14/18 MP: 0/5
   396 | D:1      | Learned a level 2 spell: Searing Ray
   699 | D:1      | Reached skill level 1 in Fighting
  1240 | D:2      | Reached XP level 3. HP: 17/23 MP: 0/6
  1848 | D:2      | Reached XP level 4. HP: 29/29 MP: 3/8
  1901 | D:2      | Learned a level 4 spell: Iskenderun's Mystic Blast
  1935 | D:2      | Found Qovurch's Armour Shoppe.
  2316 | D:3      | Noticed a scorpion
  2319 | D:3      | Noticed Grinder
  2326 | D:3      | Slain by Grinder

Illustrated notes

Levels and vault maps discovered:
D:1:      sevenhm_arrival_forest_fort_small_5, layout_basic, kennysheep_boxes
D:2:      layout_loops_ring, serial_shops, shop, minmay_between
D:3:      layout_rooms, mainiacjoe_overflow_concentric_impassable,
          chequers_temple_overflow_statue_of_worship, uniq_crazy_yiuf_cottage,
          uniq_grinder

Skill      XL: |  1  2 |
---------------+-------+-----
Fighting       | 1 |  1.9
Dodging        | |  2.0
Stealth        | |  2.6
Spellcasting   | |  2.7
Conjurations   | |  4.6

Action                     |  1- 3 |  4- 6 || total
---------------------------+-------+-------++-------
  Melee: Unarmed           |     8 |       ||     8
         Tentacles         |     5 |     1 ||     6
         Constrict         |     3 |     1 ||     4
         Whip              |    10 |     3 ||    13
   Cast: Magic Dart        |    55 |    11 ||    66
    Use: Potion            |     1 |     2 ||     3
         Scroll            |       |     4 ||     4
 Armour: Skin              |     2 |     1 ||     3
  Dodge: Dodged            |    20 |     1 ||    21
